 Dungeon Crawl Stone Soup version 0.29.0-7-g18a832c13a (webtiles) character file.

Game seed: 741502286470081470

51804 robertstho the Impaler (level 14, 0/94 HPs)
             Began as a Tengu Berserker on Aug 31, 2022.
             Was a High Priest of Trog.
             Succumbed to poison (poison gas)
             ... on level 5 of the Lair of Beasts.
             The game lasted 00:23:35 (20223 turns).

robertstho the Impaler (Tengu Berserker)           Turns: 20223, Time: 00:23:36

Health: 0/94       AC: 23    Str: 22    XL:     14   Next: 61%
Magic:  25/25      EV: 14    Int: 13    God:    Trog [*****.]
Gold:   1561       SH: 17    Dex: 14    Spells: 13/13 levels left

rFire   + . .      SeeInvis .   U - +6 demon trident
rCold   . . .      Faith    .   a - +2 kite shield
rNeg    . . .      Spirit   .   S - +2 plate armour {rF+}
rPois   .          Reflect  +   r - +3 hat of Pondering {ponderous, Will+ MP+10 Int+5}
rElec   .          Harm     .   (no cloak)
rCorr   +          Rampage  .   L - +0 pair of gloves
Will    ++...                   (boots unavailable)
Stlth   ..........              u - amulet of reflection
HPRegen 0.25/turn               d - ring of resist corrosion
MPRegen 0.19/turn               w - +4 ring of evasion

@: lethally poisoned (0 -> -47), on berserk cooldown, flying quickly and
evasively, slowed, very slow
A: beak, talons 3, nimble flight
a: Renounce Religion, Berserk, Trog's Hand, Brothers in Arms


You were on level 5 of the Lair of Beasts.
You worshipped Trog.
Trog was extremely pleased with you.
You visited 2 branches of the dungeon, and saw 16 of its levels.
You also visited: Sewer.

You collected 1561 gold pieces.

Inventory:

Hand Weapons
 A - a +1 trident of venom
 M - the +6 glaive "Tormentor" {vorpal, +Blink}
   (Trog gifted it to you on level 11 of the Dungeon)

   It inflicts extra damage upon your enemies.
   +Blink:    It lets you blink.
 U - a +6 demon trident (weapon)
Missiles
 m - 6 throwing nets (quivered)
Armour
 a - a +2 kite shield (worn)
 r - the +3 hat of Pondering (worn) {ponderous, Will+ MP+10 Int+5}
   (You took it off Gastronok on level 1 of the Lair of Beasts)

   Int:       It affects your intelligence (+5).
   MP:        It affects your magic capacity (+10).
   Will:      It increases your willpower.
 y - +0 acid dragon scales
 L - a +0 pair of gloves (worn)
 Q - a +2 leather armour of cold resistance
 S - a +2 plate armour of fire resistance (worn)
Jewellery
 d - a ring of resist corrosion (left hand)
 n - a +6 ring of strength
 s - a +6 ring of strength
 u - an amulet of reflection (around neck)
 w - a +4 ring of evasion (right hand)
 z - a ring of fire
 J - a ring of ice
 N - a ring of see invisible
Wands
 e - a wand of iceblast (18)
 E - a wand of flame (12)
 G - a wand of charming (4)
 O - a wand of mindburst (21)
Scrolls
 b - 4 scrolls of magic mapping
 f - 3 scrolls of poison
 g - 7 scrolls of teleportation
 h - a scroll of blinking
 i - a scroll of silence
 j - 3 scrolls of butterflies
 o - 3 scrolls of vulnerability
 v - a scroll of immolation
 B - 3 scrolls of enchant armour
Potions
 k - 2 potions of curing
 l - 2 potions of brilliance {unknown}
 q - 3 potions of resistance
 t - 6 potions of heal wounds {unknown}
 x - 2 potions of berserk rage {unknown}
 C - 2 potions of invisibility
 D - 2 potions of haste {unknown}
 F - 4 potions of ambrosia
 H - 2 potions of magic {unknown}
 I - 2 potions of mutation {unknown}
 K - 2 potions of attraction
 P - a potion of cancellation
 R - 2 potions of might
 T - a potion of flight {unknown}
Miscellaneous
 c - a tin of tremorstones (inert)


   Skills:
 * Level 13.2 Fighting
 + Level 15.4 Polearms
 * Level 15.3 Armour
 + Level 7.5 Dodging
 + Level 3.0 Stealth
 + Level 7.4 Shields
 + Level 0.1 Evocations


You had 13 spell levels left.
You didn't know any spells.
Your spell library was empty.

Dungeon Overview and Level Annotations

Branches:
Dungeon (11/15)            Temple (0/1) D:4            Lair (5/5) D:9
 Shoals (0/4) Lair:2       Spider (0/4) Lair:2        Slime (0/5) Lair:5
    Orc (0/2) D:9           Sewer (visited)

Altars:
Cheibriados
Nemelex Xobeh
Yredelemnul
The Shining One
Jiyva

Shops:
D:3 *   D:6 [   D:7 [

Annotations:
D:11 1 runed translucent door, lonewolfV2's ghost, journeyman MiFi


Innate Abilities, Weirdness & Mutations

You have a beak for a mouth.
You have claws for feet.
Your magical nature lets you fly swiftly and evasively.


Message History

You feel extremely sick. You block the swamp dragon's attack.
The swamp dragon closely misses you.
The swamp dragon tramples you but does no damage.
You puncture the swamp dragon!
The swamp dragon is moderately wounded.
You are engulfed in poison gas.
You are more poisoned.
You feel very sick.
Unknown command.
You hit the swamp dragon. You peck the swamp dragon!
The swamp dragon is moderately wounded.
You are engulfed in poison gas.
You are more poisoned.
You feel extremely sick.
The swamp dragon breathes poison at you.
The blast of poison engulfs you but does no damage.
You are more poisoned.
You impale the swamp dragon!! You claw the swamp dragon.
The swamp dragon is almost dead.
You are engulfed in poison gas.
You are lethally poisoned!
You feel extremely sick.
You puncture the swamp dragon!
You feel the power of Trog in you as your rage grows.
You kill the swamp dragon!
Trog accepts your kill.
You are engulfed in poison gas.
You are more poisoned.
You feel extremely sick.
You feel extremely sick.
You feel a strong urge to attack something.
* * * LOW HITPOINT WARNING * * *
You feel extremely sick.
* * * LOW HITPOINT WARNING * * *
You feel extremely sick.
You feel your anger nearly subside.
You are no longer berserk.
You are exhausted.
You feel yourself slow down.
* * * LOW HITPOINT WARNING * * *
You feel extremely sick.
You see here 12 gold pieces.
You die...

..#
♣.~~≈♣♣♣.≈≈~♣♣.~≈≈≈~♣
.##
♣♣♣~~♣♣..≈.♣♣♣~≈≈≈≈.♣
##
♣..♣~~♣♣≈~.♣♣.°~.≈≈~♣
♣♣.♣♣~≈≈..♣♣♣♣.°°≈≈~♣
♣P..≈~≈.♣♣/.$°~≈≈..♣
♣....~~♣♣♣$$.°≈°~.♣♣
♣♣.♣..~♣♣..$.~≈°~.♣
♣♣..~≈♣♣♣$!...~.♣♣♣
♣...~~ ♣!@$.~≈~..♣
♣♣.....♣♣♣.~.≈...♣
♣♣...~~ ♣~.≈~.♣♣♣
♣♣~~..♣ ≈..♣♣♣ ~..♣
.♣♣ ♣♣


There were no monsters in sight!

Vanquished Creatures
  Rupert (Lair:5)
  Gastronok (Lair:1)
  2 fire dragons (Lair:5)
  Fannar (Lair:1)
  Erolcha (D:11)
  Harold (Lair:1)
  2 hydras
  Erica (Lair:2)
  A two-headed ogre (D:11)
  10 death yaks
  Urug (D:11)
  Amaemon (Lair:3)
  A swamp dragon (Lair:5)
  A lindwurm (Lair:5)
  4 elephants (Lair:4)
  2 black mambas
  A cyclops (D:11)
  An orange demon (Lair:3)
  6 torpor snails
  14 cane toads
  4 rime drakes
  An unseen horror (D:5)
  10 komodo dragons
  A queen bee (Lair:3)
  4 tyrant leeches (Lair:5)
  6 hornets (Lair:5)
  4 polar bears
  43 yaks
  A vampire (D:7)
  2 shadows
  4 wyverns
  7 basilisks
  3 steam dragons
  2 redbacks (Lair:2)
  4 vampire mosquitoes (D:11)
  3 acid dragons
  13 water moccasins
  2 swamp drakes (Lair:5)
  5 orc warriors
  6 black bears
  A sky beast (D:8)
  3 ogres
  2 ice beasts (D:7)
  4 centaurs
  3 phantoms
  2 kobold brigands
  9 bullfrogs
  3 scorpions
  14 wights
  32 killer bees
  2 electric eels
  2 hounds (D:4)
  2 jellies (D:6)
  7 orc priests
  A gnoll bouda (D:4)
  6 iguanas
  14 orc wizards
  12 gnolls
  3 adders
  A river rat (D:4)
  4 white imps
  An ufetubus (D:6)
  2 worms (D:4)
  3 dart slugs
  66 orcs
  9 bats
  5 endoplasms
  4 giant cockroaches
  3 goblins
  12 hobgoblins
  6 jackals
  19 kobolds
  5 quokkas
  6 ball pythons
  2 frilled lizards
  11 rats
459 creatures vanquished.

Vanquished Creatures (collateral kills)
  7 elephants (Lair:4)
  A basilisk (Lair:4)
8 creatures vanquished.

Vanquished Creatures (others)
  12 fungi
  48 plants
60 creatures vanquished.

Grand Total: 527 creatures vanquished

Notes
Turn   | Place    | Note
-------+----------+-------------------------------------------
     0 | D:1      | robertstho the Tengu Berserker began the quest for the Orb.
     0 | D:1      | Reached XP level 1. HP: 14/14 MP: 2/2
   198 | D:1      | Reached XP level 2. HP: 17/19 MP: 3/3
   515 | D:1      | Reached XP level 3. HP: 24/24 MP: 4/4
   677 | D:1      | Reached ** piety under Trog
   681 | D:1      | Found a faded altar of an unknown god.
  1219 | D:2      | Reached XP level 4. HP: 18/29 MP: 5/5
  1905 | D:3      | Found a basalt altar of Yredelemnul.
  1906 | D:3      | Found a glowing golden altar of the Shining One.
  1908 | D:3      | Found a snail-covered altar of Cheibriados.
  1960 | D:3      | Identified the +1 robe "Buwog" {rElec Dex+2}
  2020 | D:3      | Gained mutation: Your magical nature lets you fly swiftly
                  | and evasively. [Tengu growth]
  2020 | D:3      | Reached XP level 5. HP: 31/33 MP: 6/6
  2296 | D:3      | Found Voir's Assorted Antiques.
  2654 | D:4      | Reached *** piety under Trog
  2662 | D:4      | Found a glowing drain.
  2680 | Sewer    | Entered a sewer
  2791 | Sewer    | Noticed a water moccasin
  2804 | Sewer    | Killed a water moccasin
  2805 | Sewer    | Reached XP level 6. HP: 14/40 MP: 7/7
  3077 | D:4      | Reached skill level 5 in Polearms
  3155 | D:4      | Reached skill level 5 in Fighting
  3166 | D:4      | Reached XP level 7. HP: 29/44 MP: 8/8
  3364 | D:4      | Reached skill level 1 in Shields
  3407 | D:4      | Found a staircase to the Ecumenical Temple.
  3790 | D:5      | Entered Level 5 of the Dungeon
  3818 | D:5      | Reached skill level 5 in Armour
  3897 | D:5      | Reached XP level 8. HP: 38/50 MP: 9/9
  4035 | D:5      | Reached XP level 9. HP: 10/59 MP: 10/10
  4036 | D:5      | HP: 1/59 [something (3)]
  4037 | D:5      | Killed an unseen horror
  4374 | D:5      | Reached **** piety under Trog
  4948 | D:6      | Reached skill level 5 in Shields
  5155 | D:6      | Found Yciusm's Antique Armour Emporium.
  5425 | D:7      | Reached XP level 10. HP: 65/65 MP: 11/11
  5674 | D:7      | Found Perseus's Dragon-Slaying Spoils.
  5768 | D:7      | Reached skill level 1 in Stealth
  5798 | D:7      | HP: 4/97 [something (5)]
  6344 | D:7      | Found a sparkling altar of Nemelex Xobeh.
  6616 | D:8      | Reached skill level 10 in Armour
  7099 | D:8      | Reached ***** piety under Trog
  7265 | D:8      | Reached skill level 10 in Polearms
  7659 | D:9      | Found a staircase to the Lair.
  7659 | D:9      | Noticed a death yak
  7686 | D:9      | Killed a death yak
  8710 | D:9      | Reached XP level 11. HP: 66/69 MP: 12/12
  9085 | D:9      | Found a staircase to the Orcish Mines.
  9408 | D:10     | Entered Level 10 of the Dungeon
  9699 | D:10     | Noticed a boulder beetle
  9703 | D:10     | Noticed a boulder beetle
  9704 | D:10     | Found the +4 robe of Folly {Brilliance Will-∞ Int+8}
  9705 | D:10     | Noticed a deep elf pyromancer
  9705 | D:10     | Noticed a fire dragon
  9705 | D:10     | Noticed a red ugly thing
  9705 | D:10     | Noticed a red ugly thing
  9706 | D:10     | Noticed a brown ugly thing
  9706 | D:10     | Noticed a manticore
  9716 | D:10     | Noticed a centaur warrior
 10195 | D:11     | Noticed a spriggan rider
 10195 | D:11     | Identified the +8 trident of Wosysol {freeze, rElec rPois
                  | Dex+3}
 10195 | D:11     | Noticed lonewolfV2's ghost (journeyman MiFi)
 10195 | D:11     | Found a runed translucent door.
 10469 | D:11     | Noticed a cyclops
 10471 | D:11     | Killed a cyclops
 10562 | D:11     | Noticed a two-headed ogre
 10568 | D:11     | Killed a two-headed ogre
 10829 | D:11     | Noticed Erolcha
 10846 | D:11     | Killed Erolcha
 10863 | D:11     | Identified the +6 glaive "Tormentor" {vorpal, +Blink} (Trog
                  | gifted it to you on level 11 of the Dungeon)
 10863 | D:11     | Received a gift from Trog
 11038 | D:11     | Noticed Urug
 11047 | D:11     | Killed Urug
 11048 | D:11     | Reached skill level 10 in Fighting
 11540 | Lair:1   | Entered Level 1 of the Lair of Beasts
 11551 | Lair:1   | Reached XP level 12. HP: 77/77 MP: 13/13
 12269 | Lair:1   | Noticed Gastronok
 12277 | Lair:1   | Killed Gastronok
 12405 | Lair:1   | Noticed Harold
 12417 | Lair:1   | Killed Harold
 12713 | Lair:1   | Noticed Fannar
 12724 | Lair:1   | Killed Fannar
 13471 | Lair:2   | Found a staircase to the Shoals.
 13517 | Lair:2   | Noticed a death yak
 13517 | Lair:2   | Noticed a death yak
 13518 | Lair:2   | Noticed a death yak
 13518 | Lair:2   | Noticed a death yak
 13520 | Lair:2   | Noticed Erica
 13520 | Lair:2   | Noticed a death yak
 13523 | Lair:2   | Noticed a death yak
 13549 | Lair:2   | HP: 3/79 [poisoned by Erica (bolt of poison)]
 13851 | Lair:2   | Killed Erica
 14039 | Lair:2   | Killed a death yak
 14041 | Lair:2   | Killed a death yak
 14043 | Lair:2   | Killed a death yak
 14047 | Lair:2   | Killed a death yak
 14048 | Lair:2   | Reached XP level 13. HP: 45/84 MP: 14/14
 14395 | Lair:2   | Found a hole to the Spider Nest.
 15502 | Lair:3   | Noticed Amaemon
 15514 | Lair:3   | Killed Amaemon
 15996 | Lair:3   | Received a gift from Trog
 16028 | Lair:3   | HP: 4/86 [killer bee (2)]
 18068 | Lair:5   | Entered Level 5 of the Lair of Beasts
 18080 | Lair:5   | Found a staircase to the Slime Pits.
 18080 | Lair:5   | Found a viscous altar of Jiyva.
 18101 | Lair:5   | Reached XP level 14. HP: 87/92 MP: 15/15
 18665 | Lair:5   | Reached skill level 15 in Polearms
 18795 | Lair:5   | Noticed Rupert
 18815 | Lair:5   | Killed Rupert
 19098 | Lair:5   | Reached skill level 15 in Armour
 19329 | Lair:5   | Found a runed translucent door.
 20223 | Lair:5   | Succumbed to poison (poison gas)

Illustrated notes

Levels and vault maps discovered:
D:1:      minmay_arrival_checkered_box, layout_basic, basic_ecumenical_altar
D:2:      layout_rooms, hex_intersection
D:3:      layout_basic, grunt_temple_overflow_open, serial_shops,
          nicolae_shop_trees
D:4:      layout_rooms, temple_doors_ab, cheibrodos_sewer_entry_sluice
D:5:      layout_rooms
D:6:      layout_basic, serial_shops, nicolae_shop_competitors_out_of_business,
          kennysheep_generic_room_9
D:7:      layout_basic, mainiacjoe_overflow_catwalk, nicolae_shop_dragon_depot
D:8:      layout_loops_ring, chequers_garden
D:9:      layout_roguey, david_lair_generic, hiddenorc2_lemuel
D:10:     layout_basic, minivault_12
D:11:     layout_long_grid, ebering_ghost_funeral_grove, uniq_urug, uniq_erolcha
Lair:1:   layout_gridlike, chequers_serial_rivers_micro_a, grunt_megastairs_4,
          uniq_gastronok, uniq_fannar, uniq_harold
Lair:2:   layout_roguey, minmay_shoals_entry_centaurs, spider_nest_entry_webs,
          grunt_megastairs_5, infiniplex_staircase_pool, lemuel_fruit_fields,
          uniq_erica
Lair:3:   layout_cave_pods, special_room [special_room_bee],
          beast_lair_carwin_4, serial_bayou_shore_a, uniq_amaemon
Lair:4:   layout_cave_shapes, lookout_lair_type, beast_lair_carwin_11,
          serial_bayou_shore_b
Lair:5:   wormcave, layout_long_grid, guppyfry_lair_end_dragon, slime_entry_1,
          uniq_rupert

Skill      XL: |  1  2  3  4  5  6  7  8  9 10 11 12 13 14 |
---------------+-------------------------------------------+-----
Fighting       | 4 5 8 10 11 12 13 | 13.2
Polearms       | 4 5 6 9 10 11 13 14 15 | 15.4
Armour         | 3 4 5 8 9 11 12 13 14 15 | 15.3
Shields        | 1 4 5 6 7 |  7.4
Dodging        | 3 7 |  7.5
Stealth        | 1 2 3 |  3.0
Evocations     | |  0.1

Action                   |  1- 3 |  4- 6 |  7- 9 | 10-12 | 13-15 || total
-------------------------+-------+-------+-------+-------+-------++-------
Melee: Spear             |   106 |    32 |       |       |       ||   138
       Kick              |    18 |    23 |    40 |   201 |   163 ||   445
       Peck              |     8 |     7 |    29 |   117 |    80 ||   241
       Trident           |       |    60 |   183 |   478 |     4 ||   725
       Glaive            |       |       |       |   158 |   209 ||   367
       Punch             |       |       |       |       |     5 ||     5
       Demon trident     |       |       |       |       |   233 ||   233
Invok: Berserk           |     1 |     2 |       |    12 |    14 ||    29
       Trog's Hand       |       |       |       |     1 |     1 ||     2
       Brothers in Arms  |       |       |       |       |     3 ||     3
 Abil: Evoke Blink       |       |       |       |       |     1 ||     1
Evoke: Tin of tremorston |       |       |       |       |     2 ||     2
  Use: Scroll            |       |     6 |     3 |    13 |     9 ||    31
       Potion            |       |       |     4 |     7 |     3 ||    14
 Stab: Distracted        |       |       |       |     1 |       ||     1
Armor: Animal skin       |     4 |       |       |       |       ||     4
       Ring mail         |    19 |     1 |       |       |       ||    20
       Chain mail        |       |    15 |    30 |    88 |       ||   133
       Plate armour      |       |       |       |    17 |   196 ||   213
Dodge: Dodged            |    47 |    34 |    58 |   274 |   317 ||   730
Block: Buckler           |       |    26 |    64 |   160 |       ||   250
       Reflection        |       |     1 |     3 |     8 |       ||    12
       Other             |       |       |       |    32 |    86 ||   118
       Kite shield       |       |       |       |       |     1 ||     1
